 Dungeon Crawl Stone Soup version 0.24.0-123-gd5b16e6ec5 (webtiles) character file.

Game seed: 1748143930274027457, levelgen mode: deterministic

1031 Ostronsas the Skirmisher (level 8, 0/71 HPs)
             Began as a Minotaur Fighter on Jan 8, 2020.
             Was a Follower of Makhleb.
             Succumbed to puimuR's ghost's poison
             ... on level 5 of the Dungeon.
             The game lasted 00:36:57 (5710 turns).

Ostronsas the Skirmisher (Minotaur Fighter)         Turns: 5710, Time: 00:36:57

Health: 0/71       AC: 10    Str: 21    XL:     8   Next: 3%
Magic:  8/8        EV:  9    Int:  6    God:    Makhleb [*.....]
Gold:   276        SH:  0    Dex: 11    Spells: 7/7 levels left

rFire    . . .     SeeInvis .   d - +2 scythe (freeze)
rCold    . . .     Gourm    .   (shield currently unavailable)
rNeg     . . .     Faith    .   b - +1 scale mail
rPois    .         Spirit   .   (helmet restricted)
rElec    .         Reflect  .   (no cloak)
rCorr    .         Harm     .   z - +0 pair of gloves
MR       .....                  (no boots)
Stlth    ..........             (no amulet)
HPRegen  0.21/turn              (no ring)
MPRegen  0.11/turn              (no ring)

@: lethally poisoned (0 -> -56)
A: retaliatory headbutt, horns 2, talons 1, wild magic 1
a: Renounce Religion


You were on level 5 of the Dungeon.
You worshipped Makhleb.
Makhleb was aware of your devotion.
You were not hungry.

You visited 1 branch of the dungeon, and saw 5 of its levels.

You collected 276 gold pieces.

Inventory:

Hand Weapons
 a - a +0 war axe
 d - a +2 scythe of freezing (weapon)
Missiles
 e - 2 datura-tipped darts
 g - 18 sling bullets
 k - 19 bolts
 q - 30 poisoned darts (quivered)
 r - 7 boomerangs
 w - 15 arrows
 x - 2 curare-tipped darts
Armour
 b - a +1 scale mail (worn)
 c - a +0 shield
 j - a +0 plate armour
 u - a +2 robe of the Archmagi
 y - a +0 ring mail of positive energy
 z - a +0 pair of gloves (worn)
Jewellery
 n - an uncursed ring of magical power
 s - a cursed ring of teleportation
 t - an uncursed ring of see invisible {unknown}
Scrolls
 h - 2 scrolls of immolation
 i - a scroll of enchant armour
 l - a scroll of random uselessness {unknown}
 o - 4 scrolls of teleportation
 p - a scroll of enchant weapon {unknown}
 B - a scroll of remove curse {unknown}
Potions
 m - 2 potions of flight
 v - a potion of brilliance {unknown}
 C - a potion of heal wounds {unknown}
 D - a potion of cancellation {unknown}
Comestibles
 f - 7 rations


   Skills:
 * Level 6.4 Fighting
 - Level 3.7(4.5) Axes
 * Level 3.9(4.6) Polearms
 + Level 1.2 Throwing
 * Level 6.4 Armour
 - Level 4.7 Shields
 + Level 3.9 Unarmed Combat
 * Level 2.0 Invocations


You had 7 spell levels left.
You didn't know any spells.
Your spell library contained the following spells:

 Spells                   Type           Power        Failure   Level  Hunger
 Summon Small Mammal      Summ           #...         83%         1    ##.....
 Call Imp                 Summ           #.......     92%         2    ###....
 Call Canine Familiar     Summ           #.......     99%         3    ####...
 Recall                   Summ/Tloc      N/A          99%         3    ####...
 Summon Guardian Golem    Hex/Summ       #.......     99%         3    ####...
 Animate Dead             Necr           N/A          100%        4    #####..
 Summon Ice Beast         Ice/Summ       #.......     100%        4    #####..
 Summon Lightning Spire   Summ/Air       #.......     100%        4    #####..
 Borgnjor's Vile Clutch   Necr/Erth      #.........   100%        5    ######.
 Death Channel            Necr           #.........   100%        6    #######
 Simulacrum               Ice/Necr       #.........   100%        6    #######


Dungeon Overview and Level Annotations

Branches:
Dungeon (5/15)
 Temple: D:4-7

Altars:
Elyvilon
Fedhas
Makhleb

Annotations:
D:5 1 runed translucent door, puimuR's ghost, amateur HOMo


Innate Abilities, Weirdness & Mutations

You reflexively headbutt those who attack you in melee.
You have a pair of horns on your head.
You have sharp toenails.
Your spells are a little harder to cast, but a little more powerful.


Message History

You are more poisoned.
PuimuR's ghost hits you.
You are more poisoned.
You closely miss puimuR's ghost. Your headbutt misses puimuR's ghost.
PuimuR's ghost is lightly damaged.
* * * LOW HITPOINT WARNING * * *
You feel extremely sick.
PuimuR's ghost hits you but does no damage.
You are more poisoned.
PuimuR's ghost hits you.
* * * LOW HITPOINT WARNING * * *
You are more poisoned.
* * * LOW HITPOINT WARNING * * *
You feel very sick.
PuimuR's ghost whispers, "Death is liberation."
* * * LOW HITPOINT WARNING * * *
You feel very sick.
It was a potion of mutation.
You feel extremely strange.
You feel less in control of your magic.
Your toenails lengthen and sharpen.
You die...

...#####..#.................##...
................#........###..#..
...##......##..#....#....# ####..
..#.#.#.............##..## #..
..###.##.............#...# ##.
.## #..#..........#......## ##.
.# #####.........###.#....# #..
## #.............[.############..
# ##.......#...@W.#r≈≈≈≈≈≈≈≈#...
# ##.....##......r≈≈≈≈[≈≈≈r+... #
##...#.##.#.....#≈≈≈≈≈≈≈≈W#... #
##...##.#..#.....###########...
###...#######........# #..#
##...## ##.......# #..# .....#
#.......# #..# ....## ##......#
#..# ....# ##.......# #..#


You could see puimuR's ghost and 2 rats.

Vanquished Creatures
  Sigmund (D:2)
  An ice beast (D:5)
  A phantom (D:4)
  2 ogres
  3 hounds (D:4)
  2 orc priests
  A jelly (D:5)
  3 orc wizards (D:3)
  3 worker ants (D:4)
  An iguana (D:5)
  3 adders
  A howler monkey skeleton (D:5)
  2 river rats (D:4)
  2 worms (D:2)
  A dart slug (D:1)
  2 leopard geckos (D:4)
  18 orcs
  6 ball pythons
  2 giant cockroaches (D:1)
  7 goblins
  6 hobgoblins
  7 jackals
  4 kobolds
  7 quokkas
  3 bats
  2 frilled lizards
  A leopard gecko skeleton (D:5)
  4 rats
96 creatures vanquished.

Vanquished Creatures (others)
  An orc (D:3)
1 creature vanquished.

Grand Total: 97 creatures vanquished

Notes
Turn   | Place    | Note
-------+----------+-------------------------------------------
     0 | D:1      | Ostronsas the Minotaur Fighter began the quest for the Orb.
     0 | D:1      | Reached XP level 1. HP: 19/19 MP: 0/0
   160 | D:1      | Reached XP level 2. HP: 27/27 MP: 1/1
   984 | D:2      | Reached XP level 3. HP: 33/33 MP: 2/2
   989 | D:2      | Noticed Sigmund
  1000 | D:2      | Killed Sigmund
  1000 | D:2      | Reached skill level 1 in Unarmed Combat
  1000 | D:2      | Reached XP level 4. HP: 4/41 MP: 3/3
  1000 | D:2      | Reached XP level 5. HP: 4/47 MP: 4/4
  1444 | D:2      | You fall into a shaft and drop 2 floors!
  1687 | D:4      | Found a burning altar of Makhleb.
  1703 | D:4      | Reached skill level 1 in Polearms
  1708 | D:4      | Reached skill level 5 in Fighting
  1708 | D:4      | Reached skill level 5 in Armour
  1708 | D:4      | Reached XP level 6. HP: 24/56 MP: 5/5
  1950 | D:4      | Became a worshipper of Makhleb the Destroyer
  2067 | D:5      | Entered Level 5 of the Dungeon
  2942 | D:3      | Reached XP level 7. HP: 55/61 MP: 6/6
  2952 | D:3      | Reached * piety under Makhleb
  4081 | D:4      | Found a white marble altar of Elyvilon.
  4082 | D:4      | Found a blossoming altar of Fedhas.
  4086 | D:4      | Reached skill level 1 in Invocations
  4662 | D:5      | Found a runed translucent door.
  4675 | D:5      | Noticed puimuR's ghost (amateur HOMo)
  4737 | D:5      | Reached skill level 1 in Throwing
  4784 | D:5      | Found a runed translucent door.
  5094 | D:5      | Reached XP level 8. HP: 71/71 MP: 8/8
  5710 | D:5      | Gained mutation: Your spells are a little harder to cast,
                  | but a little more powerful. [potion of mutation]
  5710 | D:5      | Gained mutation: You have sharp toenails. [potion of
                  | mutation]
  5710 | D:5      | Succumbed to puimuR's ghost's poison

Levels and vault maps discovered:
D:1:      shiori_arrival_elements, layout_loops_ring
D:2:      layout_basic, uniq_sigmund
D:3:      layout_basic
D:4:      layout_cave_pods, nicolae_overflow_crystal_walls,
          gammafunk_temple_overflow_pools, portal_sewer_entry_a, first_ration,
          st_stairs_1, serial_park_tiny_pond
D:5:      layout_layer_cave, ebering_ghost_sewer_f, minmay_checkerbox

Skill      XL: |  1  2  3  4  5  6  7 |
---------------+----------------------+-----
Fighting       | 4 5 6 |  6.4
Armour         | 4 5 6 |  6.4
Shields        | 4 |  4.7
Axes           | 3 |  3.7
Unarmed Combat | 1 2 3 |  3.9
Polearms       | 1 2 3 |  3.9
Invocations    | 2 |  2.0
Throwing       | 1 |  1.2

Action                   |  1- 3 |  4- 6 |  7- 9 || total
-------------------------+-------+-------+-------++-------
Melee: War axe           |    52 |   117 |     7 ||   176
       Headbutt          |     8 |    15 |    10 ||    33
       Scythe            |       |       |    83 ||    83
  Use: Scroll            |     2 |     4 |     3 ||     9
       Potion            |     1 |       |     2 ||     3
  Eat: Ration            |       |     2 |     3 ||     5
Armor: Scale mail        |    10 |    46 |    52 ||   108
Dodge: Dodged            |    16 |    32 |    65 ||   113
Block: Shield            |    14 |    69 |    11 ||    94
